 Dungeon Crawl Stone Soup version 0.29.1-1-gd02db6906a (webtiles) character file.

Game seed: 11080816104002691264

1869 groovy9 the Skirmisher (level 9, -13/59 (61) HPs)
             Began as a Formicid Hunter on Sept 18, 2022.
             Mangled by Menkaure (18 damage)
             ... on level 6 of the Dungeon.
             The game lasted 00:23:55 (6073 turns).

groovy9 the Skirmisher (Formicid Hunter)            Turns: 6073, Time: 00:23:56

HP:   -13/59 (61)   AC:  4    Str: 16    XL:     9   Next: 35%
MP:   9/9           EV: 12    Int:  9    God:
Gold: 199           SH:  0    Dex: 21    Spells: 6/8 levels left

rFire   . . .      SeeInvis +   a - +0 shortbow
rCold   . . .      Faith    .   (no shield)
rNeg    . . .      Spirit   .   c - +0 leather armour
rPois   +          Reflect  .   (helmet unavailable)
rElec   .          Harm     .   j - +0 cloak
rCorr   .          Rampage  .   (no gloves)
Will    +....                   (no boots)
Stlth   +.........              q - amulet of regeneration
HPRegen 0.99/turn               u - ring of willpower
MPRegen 0.11/turn               k - ring of poison resistance

@: silenced, lightly drained
A: permanent stasis, dig shafts and tunnels, antennae 3, four strong arms
a: Dig, Shaft Self


You were on level 6 of the Dungeon.
You visited 1 branch of the dungeon, and saw 6 of its levels.
You also visited: Ossuary.

You collected 479 gold pieces.
You spent 280 gold pieces at shops.

Inventory:

Hand Weapons
 a - a +0 shortbow (weapon)
Missiles
 n - a throwing net
 v - 4 atropa-tipped darts
Armour
 c - a +0 leather armour (worn)
 j - a +0 cloak (worn)
Jewellery
 d - an amulet of reflection
 h - a +4 ring of evasion
 i - a ring of positive energy
 k - a ring of poison resistance (right hand)
 q - an amulet of regeneration (around neck)
 u - a ring of willpower (left hand)
Wands
 e - a wand of flame (14)
 f - a wand of paralysis (13)
Scrolls
 b - 3 scrolls of immolation
 m - a scroll of magic mapping
 p - a scroll of silence
 s - a scroll of identify
 x - a scroll of summoning
 y - a scroll of fear {unknown}
Potions
 g - 6 potions of degeneration
 l - 3 potions of mutation
 o - a potion of flight
 r - 4 potions of curing
 t - 2 potions of attraction
 w - a potion of cancellation
 z - a potion of ambrosia


   Skills:
 - Level 2.1 Fighting
 * Level 10.6 Ranged Weapons
 - Level 1.7 Dodging
 - Level 1.2 Stealth
 + Level 1.8 Hexes
 + Level 3.4 Translocations
 + Level 4.3 Evocations


You had 6 spell levels left.
You knew the following spells:

 Your Spells              Type           Power      Damage    Failure   Level
a - Apportation           Tloc           12%        N/A       12%         1
b - Slow                  Hex            12%        N/A       24%         1

Your spell library contained the following spells:

 Spells                   Type           Power      Damage    Failure   Level
 Shock                    Conj/Air       0%         1d3       45%         1
 Scorch                   Fire           0%         2d5       58%         2
 Confusing Touch          Hex            3%         N/A       58%         3
 Vampiric Draining        Necr           0%         2d6       83%         3
 Airstrike                Air            0%         2d(0-16)  99%         4
 Flame Wave               Conj/Fire      0%         2d4       99%         4
 Alistair's Intoxication  Tmut/Pois      0%         N/A       100%        5
 Summon Cactus Giant      Summ           0%         N/A       100%        6
 Swiftness                Air            Unusable   N/A       N/A         3

Dungeon Overview and Level Annotations

Branches:
Dungeon (6/15)            Ossuary (visited)
 Temple: D:4-7

Altars:
Makhleb
Ru
Xom

Shops:
D:1 =   D:6 *

Annotations:
D:6 Menkaure


Innate Abilities, Weirdness & Mutations

You cannot be hasted, slowed, berserked, paralysed or teleported.
You can dig through walls and to a lower floor.
You have a pair of large antennae on your head. (SInv)
Your four strong arms can wield two-handed weapons with a shield.


Message History

Press: ? - help, Q - select action, (/) - cycle Shift-Dir - straight line, f/p - Menkaure
Aim: Menkaure (silenced, moderately damaged, 80% to hit)
You shoot an arrow. The arrow hits Menkaure.
Menkaure is heavily damaged.
Menkaure closely misses you.
Fire: a) +0 shortbow
Press: ? - help, Q - select action, (/) - cycle Shift-Dir - straight line, f/p - Menkaure
Aim: Menkaure (silenced, heavily damaged, 80% to hit)
You shoot an arrow. The arrow hits Menkaure.
Menkaure is heavily damaged.
Menkaure hits you!!
Fire: a) +0 shortbow
Press: ? - help, Q - select action, (/) - cycle Shift-Dir - straight line, f/p - Menkaure
Aim: Menkaure (silenced, heavily damaged, 80% to hit)
You shoot an arrow. The arrow hits Menkaure.
Menkaure is heavily damaged.
Menkaure hits you!!
* * * LOW HITPOINT WARNING * * *
Okay, then.
Unknown command.
Press: ? - help, v - describe, . - travel
Here: Menkaure (silenced, heavily damaged)
The floor.
Magic scrolls do not work when you're silenced!
You feel better. Menkaure hits you.
* * * LOW HITPOINT WARNING * * *
Fire: a) +0 shortbow
Press: ? - help, Q - select action, (/) - cycle Shift-Dir - straight line, f/p - Menkaure
Aim: Menkaure (silenced, heavily damaged, 80% to hit)
You shoot an arrow.
The arrow hits Menkaure but does no damage.
Menkaure is heavily damaged.
Fire: a) +0 shortbow
Press: ? - help, Q - select action, (/) - cycle Shift-Dir - straight line, f/p - Menkaure
Aim: Menkaure (silenced, heavily damaged, 80% to hit)
You shoot an arrow.
The arrow hits Menkaure but does no damage.
Menkaure is heavily damaged.
Menkaure hits you!!
You die...

****#.........## **,,,,**
#..........* ***,,*
#.........,** ****
*#.......,,,* ****
*#...!.***** *,,** #....##
**,,** #.....###
**,,*##....M#.#
**,,#......@#####
**#............#
#............#
*#............#
#.............##
#..............####
#.................#####
*.............####....####
*,............# ####.....


You could see Menkaure.

Vanquished Creatures
  Prince Ribbit (D:6)
  Sigmund (D:4)
  Edmund (D:6)
  A water moccasin (D:6)
  2 ice beasts (D:6)
  A phantom (D:5)
  A bullfrog (D:6)
  A necrophage (D:5)
  A scorpion (D:4)
  2 hounds (D:5)
  An orc priest (D:4)
  Jessica (D:2)
  2 gnoll boudas
  An orc wizard (D:5)
  5 iguanas
  8 mummies (Ossuary)
  23 gnolls
  8 adders
  A shadow imp (D:6)
  3 white imps
  3 worms (D:2)
  A dart slug (D:2)
  11 orcs
  2 bats
  6 endoplasms
  6 giant cockroaches
  5 goblins
  2 hobgoblins
  5 jackals
  A quokka (D:3)
  7 ball pythons
  4 frilled lizards
  A gnoll zombie (Ossuary)
  3 hobgoblin zombies (Ossuary)
  3 kobolds
  3 kobold zombies (Ossuary)
  An orc zombie (Ossuary)
  3 rats
132 creatures vanquished.

Notes
Turn   | Place    | Note
-------+----------+-------------------------------------------
     0 | D:1      | groovy9 the Formicid Hunter began the quest for the Orb.
     0 | D:1      | Reached XP level 1. HP: 16/16 MP: 1/1
   199 | D:1      | Found a faded altar of an unknown god.
   282 | D:1      | Reached XP level 2. HP: 22/22 MP: 2/2
   523 | D:1      | Reached skill level 5 in Ranged Weapons
   523 | D:1      | Reached XP level 3. HP: 27/27 MP: 3/3
   589 | D:1      | Found Tipsettaon's Jewellery Boutique.
  1392 | D:2      | Reached XP level 4. HP: 33/33 MP: 4/4
  1792 | D:2      | Reached XP level 5. HP: 29/38 MP: 5/5
  1801 | D:2      | Reached skill level 6 in Ranged Weapons
  1801 | D:2      | Noticed Jessica
  2012 | D:2      | Killed Jessica
  2750 | D:3      | Reached XP level 6. HP: 17/44 MP: 6/6
  3137 | D:3      | Found a sacrificial altar of Ru.
  3137 | D:3      | Found a burning altar of Makhleb.
  3172 | D:3      | Reached skill level 7 in Ranged Weapons
  3317 | D:4      | Noticed Sigmund
  3732 | D:4      | Killed Sigmund
  3733 | D:4      | Reached skill level 8 in Ranged Weapons
  3733 | D:4      | Reached XP level 7. HP: 46/50 MP: 7/7
  3917 | D:4      | Learned a level 1 spell: Apportation
  4031 | D:4      | Reached skill level 9 in Ranged Weapons
  4279 | D:5      | Entered Level 5 of the Dungeon
  4295 | D:4      | Reached skill level 1 in Evocations
  4295 | D:4      | Reached XP level 8. HP: 56/56 MP: 8/8
  4509 | D:5      | Reached skill level 1 in Translocations
  4763 | D:5      | Found a shimmering altar of Xom.
  5127 | D:6      | Noticed Prince Ribbit
  5196 | D:6      | Found a sand-covered staircase.
  5260 | Ossuary  | Entered an ossuary
  5555 | D:6      | Reached skill level 10 in Ranged Weapons
  5557 | D:6      | Killed Prince Ribbit
  5558 | D:6      | Reached XP level 9. HP: 21/61 MP: 9/9
  5604 | D:6      | Found Dikeh's Desiderata Depot.
  5612 | D:6      | Bought a book of Debilitation for 280 gold pieces
  5614 | D:6      | Learned a level 1 spell: Slow
  5809 | D:6      | Noticed Edmund
  5834 | D:6      | Killed Edmund
  5835 | D:6      | Reached skill level 1 in Hexes
  6054 | D:6      | Noticed Menkaure
  6070 | D:6      | HP: 2/59 [Menkaure (22)]
  6073 | D:6      | Mangled by Menkaure

Illustrated notes

Levels and vault maps discovered:
D:1:      kilobyte_arrival_exit_the_forest, layout_basic, serial_shops,
          nicolae_lakefront_shop, basic_ecumenical_altar,
          minmay_misc_feat_more_columns
D:2:      layout_loops_corners, dk_noncrumbling_2, dreamdust_princess_bridge,
          grunt_ministairs_13, lightli_corner_chamber, uniq_jessica
D:3:      layout_basic, nicolae_overflow_two_pavilions
D:4:      layout_loops_ring, uniq_sigmund
D:5:      layout_loops_cross, overflow_temple_1_default, serial_park_tiny_1
D:6:      layout_cave_pods, nzn_hepliaklqana_mist_gate, enter_ossuary_1,
          nicolae_alphabet_shops, uniq_menkaure, uniq_edmund, uniq_maggie,
          uniq_eustachio, uniq_prince_ribbit1

Skill      XL: |  1  2  3  4  5  6  7  8  9 |
---------------+----------------------------+-----
Ranged Weapons | 5 6 8 9 10 | 10.6
Evocations     | 1 3 4 |  4.3
Translocations | 3 |  3.4
Hexes          | 1 |  1.8
Fighting       | |  2.1
Dodging        | |  1.7
Stealth        | |  1.2

Action                   |  1- 3 |  4- 6 |  7- 9 || total
-------------------------+-------+-------+-------++-------
 Fire: Shortbow          |    68 |   149 |   377 ||   594
 Abil: Dig               |     2 |     8 |     7 ||    17
  Use: Scroll            |     6 |     3 |     9 ||    18
       Potion            |       |     2 |     4 ||     6
Armor: Leather armour    |     2 |     4 |    25 ||    31
       Skin              |       |       |     6 ||     6
Dodge: Dodged            |     7 |    54 |   114 ||   175
Block: Other             |     7 |    14 |       ||    21
